Stars vs Penguins
Created - February 10, 2024 at 00:07
Goals
|
| Stars |
1 |
1 |
0 |
0 |
1 |
2 |
| Penguins |
1 |
1 |
0 |
0 |
2 |
3 |
|
Shots
|
| Stars |
17 |
7 |
6 |
0 |
3 |
30 |
| Penguins |
8 |
13 |
15 |
1 |
3 |
37 |
|
1st period
1. Penguins , Sebastian Aho 16 (Jamie Benn 19, Tom Wilson 9) at 8:08
2. Stars , Jonathan Drouin 9 (Cam Atkinson 14, Guillaume Latendresse 15) at 19:46
Penalties :
Mark Scheifele (Pit) for Roughing (Minor) at 11:24
2nd period
3. Stars , Evgeny Grachev 17 (Paul Ladue 19, Andrej Sustr 16) at 13:38
4. Penguins , Mark Scheifele 28 (Sebastian Aho 31, Pavel Buchnevich 11) at 18:32 (PP)
Penalties :
Brian Lee (Dal) for Roughing (Minor) at 3:38, Andrej Sustr (Dal) for Tripping (Minor) at 10:54, Guillaume Latendresse (Dal) for Interference (Minor) at 18:19
3rd period
No Goal
Penalties :
Boris Valabik (Dal) for High sticking (Minor) at 4:37, Brian Lee (Dal) for Hooking (Minor) at 14:50
Overtime #1
No Goal
Penalties :
No Penalty
Shootout
Stars, John Tavares - Stopped by Ilya Samsonov
Penguins, Mark Scheifele - Stopped by Matt Murray
Stars, Michael Grabner - Goal!
Penguins, Sebastian Aho - Goal!
Stars, Guillaume Latendresse - Stopped by Ilya Samsonov
Penguins, Pavel Zacha - Goal!
Penalties :
No Penalty
Goalie Stats
Matt Murray (Dal), 35 saves from 37 shots - (0.946), OTL, 16-13-4, 65:00 minutes
Ilya Samsonov (Pit), 28 saves from 30 shots - (0.933), W, 8-13-1, 65:00 minutes
Players Stats for Stars
Player Name G A P +/- PIM S H SB GA TA FO MP PP MP PK MP
------------------------------------------------------------------------------------
Alex Chiasson 0 0 0 0 0 4 1 0 0 0 0/0 14:18 0:53 0:00
Andrej Sustr 0 1 1 1 2 0 2 1 0 0 0/0 29:00 1:02 3:19
Andrew Ladd 0 0 0 1 0 0 0 0 0 0 0/1 18:17 0:53 3:24
Ben Chiarot 0 0 0 1 0 0 2 2 0 0 0/0 22:06 0:57 4:22
Boris Valabik 0 0 0 0 2 2 3 0 0 1 0/0 28:38 1:02 3:35
Brian Lee 0 0 0 0 4 1 0 0 0 0 0/0 13:03 0:00 1:40
Cam Atkinson 0 1 1 1 0 0 0 1 0 0 0/0 10:52 0:00 0:00
Evgeny Grachev 1 0 1 1 0 9 0 0 1 0 5/10 16:34 0:53 3:25
Evgeny Kuznetsov 0 0 0 1 0 1 0 0 0 1 1/4 11:08 0:00 0:10
Guillaume Latendresse 0 1 1 -1 2 1 1 0 0 0 0/3 23:27 1:06 4:12
Henrik Borgstrom 0 0 0 0 0 0 0 0 1 0 2/3 9:45 0:00 0:00
John Tavares 0 0 0 -1 0 4 0 1 1 1 19/31 23:53 1:06 4:19
Jonathan Drouin 1 0 1 1 0 1 1 0 0 0 1/1 12:49 0:00 0:48
Michael Grabner 0 0 0 -1 0 3 6 1 1 1 2/4 19:30 1:06 0:00
Paul Ladue 0 1 1 1 0 1 1 1 0 0 0/0 22:20 0:57 3:22
Scott Kosmachuck 0 0 0 0 0 0 0 0 0 0 0/1 9:45 0:00 0:00
Tobias Rieder 0 0 0 0 0 2 0 2 1 0 1/1 10:35 0:00 0:00
Tyler Wotherspoon 0 0 0 0 0 1 0 1 0 1 0/0 10:46 0:00 0:00
Players Stats for Penguins
Player Name G A P +/- PIM S H SB GA TA FO MP PP MP PK MP
------------------------------------------------------------------------------------
Brandon Tanev 0 0 0 0 0 0 0 0 0 0 0/1 8:02 0:00 0:54
Derek Stepan 0 0 0 0 0 2 4 0 0 0 9/17 18:23 3:36 0:53
Dmitrij Jaskin 0 0 0 0 0 1 0 0 0 0 0/0 8:10 0:15 0:00
Jamie Benn 0 1 1 -1 0 5 3 1 2 0 0/0 15:42 0:31 0:47
Keith Aulie 0 0 0 -1 0 3 0 3 0 1 0/0 23:11 2:58 1:11
Marcus Foligno 0 0 0 0 0 1 1 0 0 0 0/0 18:08 3:35 1:00
Mark Scheifele 1 0 1 0 2 7 5 0 1 0 0/0 24:22 4:19 0:00
Max Reinhart 0 0 0 -1 0 1 1 1 1 0 3/5 14:30 0:30 0:12
Neal Pionk 0 0 0 0 0 3 0 1 0 0 0/0 17:00 2:55 0:48
Nick Leddy 0 0 0 -1 0 1 1 0 0 0 0/0 27:10 5:11 0:48
Oscar Klefbom 0 0 0 -1 0 1 1 1 0 1 0/0 29:44 5:11 1:11
Pavel Buchnevich 0 1 1 0 0 2 1 1 0 2 0/0 23:02 4:03 0:00
Pavel Zacha 0 0 0 0 0 1 0 1 0 0 0/0 15:47 3:35 0:00
Roope Hintz 0 0 0 0 0 0 0 0 0 0 0/0 7:08 0:00 0:00
Sebastian Aho 1 1 2 0 0 7 2 0 0 0 16/36 21:55 4:03 0:00
Shea Weber 0 0 0 0 0 0 0 0 1 1 0/0 15:01 0:00 0:00
Tom Wilson 0 1 1 -1 0 2 0 1 0 0 0/0 12:51 0:00 0:12
Tyson Barrie 0 0 0 1 0 0 0 1 0 0 0/0 12:54 0:03 0:00
3 Stars
1 - Sebastian Aho (Pit)
2 - Matt Murray (Dal)
3 - Mark Scheifele (Pit)
Power Play
Stars - 0 on 1 Attempt(s) - 0.00%
Penguins - 1 on 5 Attempt(s) - 20.00%
Penalty Kill
Stars - 4 on 5 Attempt(s) - 80.00%
- Score 0 goal in Penalty Kill
Penguins - 1 on 1 Attempt(s) - 100.00%
- Score 0 goal in Penalty Kill
Team Stat
Stars - Hits : 17 - Faceoff Wins : 31 - Blocked Shots : 10 - Penalty Minutes : 10
Penguins - Hits : 19 - Faceoff Wins : 28 - Blocked Shots : 11 - Penalty Minutes : 2
Official
Referees : Reid Anderson and Kelly Sutherland
Linesman : Kyle Flemington and Pierre Racicot
Game Notes
No Game Note
Finance
Level 1 -- Attendance: 6000 (100.00%) -- Ticket Income $600,000
Level 2 -- Attendance: 5000 (100.00%) -- Ticket Income $300,000
Level 3 -- Attendance: 1756 (87.80%) -- Ticket Income $61,460
Level 4 -- Attendance: 3705 (92.63%) -- Ticket Income $92,625
Luxury Box -- Attendance: 938 (93.80%) -- Ticket Income $187,600
Game was played at the PPG Paint Arena.
Total Attendance: 17399 (96.66%)
Total Ticket Income: $1,241,685
Other Income: $186,253
Total Income: $1,427,938
Stars
5 vs 5 Forward
Center Left Wing Right Wing Time % Phy DF OF
1 John Tavares Guillaume Latendresse Michael Grabner 40 1 2 2
2 Evgeny Grachev Andrew Ladd Alex Chiasson 30 1 2 2
3 Evgeny Kuznetsov Jonathan Drouin Cam Atkinson 20 1 2 2
4 Henrik Borgstrom Tobias Rieder Scott Kosmachuck 10 1 2 2
5 vs 5 Defense
Defense Defense Time % Phy DF OF
1 Andrej Sustr Boris Valabik 40 1 2 2
2 Paul Ladue Ben Chiarot 30 1 2 2
3 Brian Lee Tyler Wotherspoon 20 1 2 2
4 Andrej Sustr Boris Valabik 10 1 2 2
PowerPlay Forward
Center Left Wing Right Wing Time % Phy DF OF
1 John Tavares Guillaume Latendresse Michael Grabner 60 0 2 3
2 Evgeny Grachev Andrew Ladd Alex Chiasson 40 0 2 3
PowerPlay Defense
Defense Defense Time % Phy DF OF
1 Andrej Sustr Boris Valabik 60 1 2 2
2 Paul Ladue Ben Chiarot 40 1 2 2
Penalty Kill 4 Players Forward
Center Wing Time % Phy DF OF
1 John Tavares Guillaume Latendresse 60 1 2 2
2 Evgeny Grachev Andrew Ladd 40 1 2 2
Penalty Kill 4 Players Defense
Defense Defense Time % Phy DF OF
1 Andrej Sustr Boris Valabik 60 0 3 2
2 Paul Ladue Ben Chiarot 40 0 3 2
Penalty Kill - 3 Players Forward
Forward Time % Phy DF OF
1 John Tavares 60 1 2 2
2 Evgeny Grachev 40 1 2 2
Penalty Kill - 3 Players Defense
Defense Defense Time % Phy DF OF
1 Andrej Sustr Boris Valabik 60 0 3 2
2 Paul Ladue Ben Chiarot 40 0 3 2
4 vs 4 Forward
Center Wing Time % Phy DF OF
1 John Tavares Guillaume Latendresse 60 0 2 3
2 Evgeny Grachev Andrew Ladd 40 0 2 3
4 vs 4 Defense
Defense Defense Time % Phy DF OF
1 Andrej Sustr Boris Valabik 60 1 2 2
2 Paul Ladue Ben Chiarot 40 1 2 2
Last Minutes Offensive
Center Left Wing Right Wing Defense Defense
John Tavares Guillaume Latendresse Michael Grabner Andrej Sustr Boris Valabik
Last Minutes Defensive
Center Left Wing Right Wing Defense Defense
John Tavares Guillaume Latendresse Michael Grabner Andrej Sustr Boris Valabik
Goaltenders
Starting : Matt Murray
Backup : Jhonas Enroth
Extra Forwards
Normal : Andrew Ladd, Jonathan Drouin, Tobias Rieder - PP : Andrew Ladd, Jonathan Drouin - PK : Andrew Ladd
Extra Defensemen
Normal : Ben Chiarot, Brian Lee, Tyler Wotherspoon - PP : Ben Chiarot - PK : Ben Chiarot, Brian Lee
Penalty Shots
John Tavares, Michael Grabner, Guillaume Latendresse, Alex Chiasson, Andrew Ladd
Custom OT Lines Forwards
John Tavares, Michael Grabner, Guillaume Latendresse, Alex Chiasson, Andrew Ladd, Jonathan Drouin, Tobias Rieder, Evgeny Grachev, Cam Atkinson, Scott Kosmachuck
Custom OT Lines Defensemen
Andrej Sustr, Boris Valabik, Paul Ladue, Ben Chiarot, Brian Lee
Scratches
None
Penguins
5 vs 5 Forward
Center Left Wing Right Wing Time % Phy DF OF
1 Sebastian Aho Pavel Buchnevich Mark Scheifele 40 1 1 3
2 Derek Stepan Pavel Zacha Marcus Foligno 30 1 1 3
3 Max Reinhart Jamie Benn Tom Wilson 20 1 1 3
4 Roope Hintz Brandon Tanev Dmitrij Jaskin 10 1 1 3
5 vs 5 Defense
Defense Defense Time % Phy DF OF
1 Oscar Klefbom Nick Leddy 40 1 2 2
2 Shea Weber Keith Aulie 30 1 2 2
3 Neal Pionk Tyson Barrie 20 1 2 2
4 Oscar Klefbom Nick Leddy 10 1 2 2
PowerPlay Forward
Center Left Wing Right Wing Time % Phy DF OF
1 Sebastian Aho Pavel Buchnevich Mark Scheifele 60 1 1 3
2 Derek Stepan Pavel Zacha Marcus Foligno 40 1 1 3
PowerPlay Defense
Defense Defense Time % Phy DF OF
1 Oscar Klefbom Nick Leddy 60 1 1 3
2 Neal Pionk Keith Aulie 40 1 1 3
Penalty Kill 4 Players Forward
Center Wing Time % Phy DF OF
1 Mark Scheifele Marcus Foligno 60 1 3 1
2 Max Reinhart Tom Wilson 40 1 3 1
Penalty Kill 4 Players Defense
Defense Defense Time % Phy DF OF
1 Oscar Klefbom Keith Aulie 60 1 3 1
2 Nick Leddy Neal Pionk 40 1 3 1
Penalty Kill - 3 Players Forward
Forward Time % Phy DF OF
1 Mark Scheifele 60 1 3 1
2 Max Reinhart 40 1 3 1
Penalty Kill - 3 Players Defense
Defense Defense Time % Phy DF OF
1 Oscar Klefbom Keith Aulie 60 1 3 1
2 Nick Leddy Neal Pionk 40 1 3 1
4 vs 4 Forward
Center Wing Time % Phy DF OF
1 Sebastian Aho Mark Scheifele 60 1 2 2
2 Derek Stepan Pavel Buchnevich 40 1 2 2
4 vs 4 Defense
Defense Defense Time % Phy DF OF
1 Oscar Klefbom Nick Leddy 60 1 2 2
2 Shea Weber Keith Aulie 40 1 2 2
Last Minutes Offensive
Center Left Wing Right Wing Defense Defense
Sebastian Aho Pavel Buchnevich Mark Scheifele Oscar Klefbom Nick Leddy
Last Minutes Defensive
Center Left Wing Right Wing Defense Defense
Max Reinhart Brandon Tanev Marcus Foligno Oscar Klefbom Keith Aulie
Goaltenders
Starting : Ilya Samsonov
Backup : Braden Holtby
Extra Forwards
Normal : Mark Scheifele, Pavel Zacha, Pavel Buchnevich - PP : Mark Scheifele, Pavel Zacha - PK : Brandon Tanev
Extra Defensemen
Normal : Oscar Klefbom, Keith Aulie, Tyson Barrie - PP : Tyson Barrie - PK : Oscar Klefbom, Keith Aulie
Penalty Shots
Mark Scheifele, Sebastian Aho, Pavel Zacha, Jamie Benn, Pavel Buchnevich
Custom OT Lines Forwards
Mark Scheifele, Derek Stepan, Marcus Foligno, Jamie Benn, Pavel Buchnevich, Max Reinhart, Tom Wilson, Pavel Zacha, Sebastian Aho, Brandon Tanev
Custom OT Lines Defensemen
Oscar Klefbom, Keith Aulie, Nick Leddy, Neal Pionk, Shea Weber
Scratches
None
% Time on Ice - Stars
Lines # - Real PCT - Wanted PCT - Time Play
Normal Forward
1 - 36% - 40% - 17:50
2 - 23% - 30% - 11:25
3 - 22% - 20% - 10:52
4 - 20% - 10% - 9:45
Normal Defense
1 - 41% - 40% - 20:14
2 - 34% - 30% - 16:47
3 - 22% - 20% - 10:46
4 - 4% - 10% - 2:05
PP Forward
1 - 55% - 60% - 1:06
2 - 45% - 40% - 0:53
PP Defense
1 - 52% - 60% - 1:02
2 - 48% - 40% - 0:57
PK Forward
1 - 81% - 60% - 6:37
2 - 19% - 40% - 1:32
PK Defense
1 - 59% - 60% - 4:47
2 - 41% - 40% - 3:22
PK3 Forward
1 - 0% - 60%
2 - 0% - 40%
PK3 Defense
1 - 0% - 60%
2 - 0% - 40%
44 Forward
1 - 0% - 60%
2 - 0% - 40%
44 Defense
1 - 0% - 60%
2 - 0% - 40%
Last Minute Offensive - 0:00
Last Minute Defensive - 0:00
Total
Forward - 60:00
Defense - 60:00
|
% Time on Ice - Penguins
Lines # - Real PCT - Wanted PCT - Time Play
Normal Forward
1 - 36% - 40% - 18:12
2 - 25% - 30% - 12:32
3 - 24% - 20% - 12:00
4 - 14% - 10% - 7:08
Normal Defense
1 - 38% - 40% - 19:03
2 - 34% - 30% - 17:12
3 - 24% - 20% - 11:47
4 - 4% - 10% - 1:50
PP Forward
1 - 56% - 60% - 4:34
2 - 44% - 40% - 3:35
PP Defense
1 - 64% - 60% - 5:11
2 - 36% - 40% - 2:58
PK Forward
1 - 90% - 60% - 1:47
2 - 10% - 40% - 0:12
PK Defense
1 - 60% - 60% - 1:11
2 - 40% - 40% - 0:48
PK3 Forward
1 - 0% - 60%
2 - 0% - 40%
PK3 Defense
1 - 0% - 60%
2 - 0% - 40%
44 Forward
1 - 0% - 60%
2 - 0% - 40%
44 Defense
1 - 0% - 60%
2 - 0% - 40%
Last Minute Offensive - 0:00
Last Minute Defensive - 0:00
Total
Forward - 60:00
Defense - 60:00
|
Play-by-Play
1st period
0:01 of 1st period - John Tavares wins face-off versus Sebastian Aho in neutral zone.
0:53 of 1st period - Wrist shot by Jamie Benn.
0:53 of 1st period - Shot Misses the Net.
0:55 of 1st period - Snap shot by Jamie Benn.
0:55 of 1st period - Stopped by Matt Murray with a rebound.
0:57 of 1st period - Snap shot by Jamie Benn.
0:57 of 1st period - Stopped by Matt Murray with a rebound.
1:11 of 1st period - Slapshot by Scott Kosmachuck.
1:11 of 1st period - Shot Misses the Net.
1:13 of 1st period - Snap shot by Boris Valabik.
1:13 of 1st period - Stopped by Ilya Samsonov with a rebound.
1:15 of 1st period - Wrist shot by Boris Valabik.
1:15 of 1st period - Stopped by Ilya Samsonov with a rebound.
1:29 of 1st period - Roope Hintz is hit by Ben Chiarot and loses puck.
2:22 of 1st period - Wrist shot by Alex Chiasson.
2:22 of 1st period - Shot Misses the Net.
2:24 of 1st period - Snap shot by Andrew Ladd.
2:24 of 1st period - Shot Blocked by Keith Aulie.
2:30 of 1st period - Slapshot by Alex Chiasson.
2:30 of 1st period - Stopped by Ilya Samsonov with a rebound.
2:32 of 1st period - Slapshot by Ben Chiarot.
2:32 of 1st period - Shot Blocked by Keith Aulie.
2:34 of 1st period - Snap shot by Evgeny Grachev.
2:34 of 1st period - Stopped by Ilya Samsonov with a rebound.
2:36 of 1st period - Snap shot by Alex Chiasson.
2:36 of 1st period - Stopped by Ilya Samsonov without a rebound.
2:37 of 1st period - John Tavares wins face-off versus Sebastian Aho in Penguins zone.
3:09 of 1st period - Wrist shot by Jamie Benn.
3:09 of 1st period - Stopped by Matt Murray with a rebound.
3:23 of 1st period - Evgeny Kuznetsov is hit by Jamie Benn and loses puck.
4:02 of 1st period - Snap shot by Tom Wilson.
4:02 of 1st period - Shot Blocked by Cam Atkinson.
4:34 of 1st period - Wrist shot by Jonathan Drouin.
4:34 of 1st period - Shot Misses the Net.
4:36 of 1st period - Slapshot by Tyler Wotherspoon.
4:36 of 1st period - Stopped by Ilya Samsonov with a rebound.
4:38 of 1st period - Snap shot by Jonathan Drouin.
4:38 of 1st period - Shot Blocked by Tom Wilson.
4:40 of 1st period - Snap shot by Jonathan Drouin.
4:40 of 1st period - Shot Blocked by Neal Pionk.
4:42 of 1st period - Slapshot by Brian Lee.
4:42 of 1st period - Stopped by Ilya Samsonov without a rebound.
4:43 of 1st period - John Tavares wins face-off versus Sebastian Aho in Penguins zone.
5:14 of 1st period - Andrej Sustr is hit by Derek Stepan and loses puck.
6:18 of 1st period - Snap shot by Evgeny Grachev.
6:18 of 1st period - Stopped by Ilya Samsonov without a rebound.
6:19 of 1st period - Evgeny Grachev wins face-off versus Derek Stepan in Penguins zone.
6:24 of 1st period - Wrist shot by Alex Chiasson.
6:24 of 1st period - Deflect By Evgeny Grachev.
6:24 of 1st period - Stopped by Ilya Samsonov with a rebound.
6:26 of 1st period - Wrist shot by Ben Chiarot.
6:26 of 1st period - Deflect By Evgeny Grachev.
6:26 of 1st period - Shot Blocked by Oscar Klefbom.
6:26 of 1st period - Puck is out of play.
6:27 of 1st period - John Tavares wins face-off versus Sebastian Aho in Penguins zone.
6:35 of 1st period - Icing by Nick Leddy.
6:36 of 1st period - Michael Grabner wins face-off versus Sebastian Aho in Penguins zone.
6:37 of 1st period - Wrist shot by John Tavares.
6:37 of 1st period - Stopped by Ilya Samsonov without a rebound.
6:38 of 1st period - Sebastian Aho wins face-off versus John Tavares in Penguins zone.
6:38 of 1st period - Sebastian Aho is hit by Paul Ladue.
6:44 of 1st period - Backhand shot by Mark Scheifele.
6:44 of 1st period - Stopped by Matt Murray with a rebound.
6:46 of 1st period - Slapshot by Oscar Klefbom.
6:46 of 1st period - Deflect By Sebastian Aho.
6:46 of 1st period - Stopped by Matt Murray with a rebound.
7:14 of 1st period - Alex Chiasson is hit by Derek Stepan and loses puck.
7:29 of 1st period - Dmitrij Jaskin is hit by Ben Chiarot.
7:45 of 1st period - Boris Valabik is hit by Jamie Benn and loses puck.
8:08 of 1st period - Snap shot by Sebastian Aho.
8:08 of 1st period - Goal by Sebastian Aho - Stars : 0 - Penguins : 1.
8:09 of 1st period - Sebastian Aho wins face-off versus John Tavares in neutral zone.
8:11 of 1st period - Off-side.
8:12 of 1st period - John Tavares wins face-off versus Sebastian Aho in neutral zone.
8:50 of 1st period - Snap shot by Evgeny Grachev.
8:50 of 1st period - Stopped by Ilya Samsonov without a rebound.
8:51 of 1st period - Tobias Rieder wins face-off versus Sebastian Aho in Penguins zone.
9:18 of 1st period - John Tavares is hit by Marcus Foligno and loses puck.
10:44 of 1st period - Wrist shot by Jamie Benn.
10:44 of 1st period - Shot Misses the Net.
11:10 of 1st period - Wrist shot by Evgeny Grachev.
11:10 of 1st period - Stopped by Ilya Samsonov without a rebound.
11:11 of 1st period - John Tavares wins face-off versus Sebastian Aho in Penguins zone.
11:22 of 1st period - Snap shot by John Tavares.
11:22 of 1st period - Stopped by Ilya Samsonov with a rebound.
11:24 of 1st period - Minor Penalty to Mark Scheifele for Roughing.
11:25 of 1st period - John Tavares wins face-off versus Brandon Tanev in Penguins zone.
13:24 of 1st period - Penalty to Mark Scheifele is over, Mark Scheifele is back on ice.
13:36 of 1st period - Slapshot by Mark Scheifele.
13:36 of 1st period - Stopped by Matt Murray without a rebound.
13:37 of 1st period - Sebastian Aho wins face-off versus Henrik Borgstrom in Stars zone.
15:09 of 1st period - Slapshot by Tobias Rieder.
15:09 of 1st period - Stopped by Ilya Samsonov without a rebound.
15:10 of 1st period - Evgeny Grachev wins face-off versus Sebastian Aho in Penguins zone.
15:41 of 1st period - Snap shot by Cam Atkinson.
15:41 of 1st period - Shot Misses the Net.
16:28 of 1st period - Snap shot by Derek Stepan.
16:28 of 1st period - Stopped by Matt Murray without a rebound.
16:29 of 1st period - Henrik Borgstrom wins face-off versus Derek Stepan in Stars zone.
16:46 of 1st period - Wrist shot by Derek Stepan.
16:46 of 1st period - Shot Blocked by Tyler Wotherspoon.
16:56 of 1st period - Michael Grabner is hit by Jamie Benn and loses puck.
17:05 of 1st period - Backhand shot by Michael Grabner.
17:05 of 1st period - Stopped by Ilya Samsonov with a rebound.
17:25 of 1st period - Wrist shot by Evgeny Grachev.
17:25 of 1st period - Stopped by Ilya Samsonov without a rebound.
17:26 of 1st period - Derek Stepan wins face-off versus Evgeny Grachev in Penguins zone.
17:53 of 1st period - Andrew Ladd is hit by Oscar Klefbom and loses puck.
19:23 of 1st period - Oscar Klefbom is hit by Michael Grabner and loses puck.
19:46 of 1st period - Snap shot by Jonathan Drouin.
19:46 of 1st period - Goal by Jonathan Drouin - Stars : 1 - Penguins : 1.
19:47 of 1st period - John Tavares wins face-off versus Sebastian Aho in neutral zone.
Goals for this period are 1 for Stars vs 1 for Penguins.
Shots for this period are 17 for Stars vs 8 for Penguins.
2nd period
0:01 of 2nd period - John Tavares wins face-off versus Derek Stepan in neutral zone.
1:19 of 2nd period - Wrist shot by Tobias Rieder.
1:19 of 2nd period - Shot Blocked by Tyson Barrie.
1:31 of 2nd period - Derek Stepan is hit by Michael Grabner and loses puck.
2:33 of 2nd period - Slapshot by Jamie Benn.
2:33 of 2nd period - Stopped by Matt Murray with a rebound.
3:11 of 2nd period - Off-side.
3:12 of 2nd period - Evgeny Grachev wins face-off versus Sebastian Aho in neutral zone.
3:27 of 2nd period - Slapshot by Alex Chiasson.
3:27 of 2nd period - Stopped by Ilya Samsonov with a rebound.
3:38 of 2nd period - Minor Penalty to Brian Lee for Roughing.
3:39 of 2nd period - Sebastian Aho wins face-off versus Guillaume Latendresse in Stars zone.
4:08 of 2nd period - Marcus Foligno is hit by Boris Valabik and loses puck.
5:38 of 2nd period - Penalty to Brian Lee is over, Brian Lee is back on ice.
6:25 of 2nd period - Brandon Tanev is hit by Michael Grabner and loses puck.
7:12 of 2nd period - Slapshot by Oscar Klefbom.
7:12 of 2nd period - Shot Misses the Net.
7:37 of 2nd period - Slapshot by Pavel Buchnevich.
7:37 of 2nd period - Shot Blocked by John Tavares.
7:39 of 2nd period - Slapshot by Keith Aulie.
7:39 of 2nd period - Stopped by Matt Murray without a rebound.
7:40 of 2nd period - Max Reinhart wins face-off versus Evgeny Kuznetsov in Stars zone.
9:01 of 2nd period - Wrist shot by Derek Stepan.
9:01 of 2nd period - Stopped by Matt Murray with a rebound.
9:20 of 2nd period - Slapshot by Cam Atkinson.
9:20 of 2nd period - Deflect By Tom Wilson.
9:20 of 2nd period - Shot Misses the Net.
9:20 of 2nd period - Puck is out of play.
9:21 of 2nd period - John Tavares wins face-off versus Sebastian Aho in Penguins zone.
9:28 of 2nd period - Pavel Buchnevich is hit by Guillaume Latendresse and loses puck.
9:49 of 2nd period - Snap shot by Evgeny Grachev.
9:49 of 2nd period - Stopped by Ilya Samsonov without a rebound.
9:50 of 2nd period - Derek Stepan wins face-off versus Evgeny Grachev in Penguins zone.
9:58 of 2nd period - Off-side.
9:59 of 2nd period - John Tavares wins face-off versus Sebastian Aho in neutral zone.
10:04 of 2nd period - Wrist shot by Guillaume Latendresse.
10:04 of 2nd period - Shot Misses the Net.
10:12 of 2nd period - Wrist shot by Michael Grabner.
10:12 of 2nd period - Stopped by Ilya Samsonov without a rebound.
10:13 of 2nd period - Sebastian Aho wins face-off versus John Tavares in Penguins zone.
10:13 of 2nd period - Sebastian Aho is hit by Michael Grabner.
10:21 of 2nd period - Slapshot by Oscar Klefbom.
10:21 of 2nd period - Shot Misses the Net.
10:54 of 2nd period - Minor Penalty to Andrej Sustr for Tripping.
10:55 of 2nd period - John Tavares wins face-off versus Sebastian Aho in Stars zone.
10:55 of 2nd period - John Tavares is hit by Pavel Buchnevich.
11:11 of 2nd period - Guillaume Latendresse is hit by Mark Scheifele and loses puck.
11:24 of 2nd period - Slapshot by Oscar Klefbom.
11:24 of 2nd period - Shot Misses the Net.
11:34 of 2nd period - Snap shot by Sebastian Aho.
11:34 of 2nd period - Stopped by Matt Murray with a rebound.
11:36 of 2nd period - Wrist shot by Mark Scheifele.
11:36 of 2nd period - Shot Misses the Net.
11:38 of 2nd period - Slapshot by Mark Scheifele.
11:38 of 2nd period - Deflect By Sebastian Aho.
11:38 of 2nd period - Stopped by Matt Murray with a rebound.
11:40 of 2nd period - Snap shot by Sebastian Aho.
11:40 of 2nd period - Stopped by Matt Murray without a rebound.
11:41 of 2nd period - John Tavares wins face-off versus Derek Stepan in Stars zone.
12:08 of 2nd period - Evgeny Grachev is hit by Derek Stepan and loses puck.
12:19 of 2nd period - Brian Lee is hit by Sebastian Aho.
12:54 of 2nd period - Penalty to Andrej Sustr is over, Andrej Sustr is back on ice.
13:05 of 2nd period - Slapshot by Evgeny Grachev.
13:05 of 2nd period - Shot Blocked by Max Reinhart.
13:13 of 2nd period - Backhand shot by Andrej Sustr.
13:13 of 2nd period - Shot Blocked by Jamie Benn.
13:15 of 2nd period - Wrist shot by Evgeny Grachev.
13:15 of 2nd period - Shot Misses the Net.
13:27 of 2nd period - Jamie Benn is hit by Andrej Sustr and loses puck.
13:34 of 2nd period - Slapshot by Andrej Sustr.
13:34 of 2nd period - Shot Misses the Net.
13:36 of 2nd period - Slapshot by Paul Ladue.
13:36 of 2nd period - Stopped by Ilya Samsonov with a rebound.
13:38 of 2nd period - Snap shot by Evgeny Grachev.
13:38 of 2nd period - Goal by Evgeny Grachev - Stars : 2 - Penguins : 1.
13:39 of 2nd period - Sebastian Aho wins face-off versus John Tavares in neutral zone.
13:52 of 2nd period - Wrist shot by John Tavares.
13:52 of 2nd period - Shot Misses the Net.
14:35 of 2nd period - Snap shot by Tom Wilson.
14:35 of 2nd period - Stopped by Matt Murray with a rebound.
14:37 of 2nd period - Snap shot by Jamie Benn.
14:37 of 2nd period - Shot Misses the Net.
14:39 of 2nd period - Wrist shot by Jamie Benn.
14:39 of 2nd period - Shot Misses the Net.
14:41 of 2nd period - Slapshot by Oscar Klefbom.
14:41 of 2nd period - Shot Blocked by Paul Ladue.
14:43 of 2nd period - Snap shot by Tom Wilson.
14:43 of 2nd period - Shot Misses the Net.
14:45 of 2nd period - Slapshot by Oscar Klefbom.
14:45 of 2nd period - Stopped by Matt Murray with a rebound.
14:55 of 2nd period - Wrist shot by Tom Wilson.
14:55 of 2nd period - Stopped by Matt Murray with a rebound.
14:57 of 2nd period - Wrist shot by Nick Leddy.
14:57 of 2nd period - Stopped by Matt Murray without a rebound.
14:58 of 2nd period - John Tavares wins face-off versus Sebastian Aho in Stars zone.
15:02 of 2nd period - Off-side.
15:03 of 2nd period - John Tavares wins face-off versus Sebastian Aho in neutral zone.
15:40 of 2nd period - Snap shot by John Tavares.
15:40 of 2nd period - Shot Blocked by Keith Aulie.
15:42 of 2nd period - Snap shot by John Tavares.
15:42 of 2nd period - Shot Blocked by Pavel Buchnevich.
15:46 of 2nd period - Slapshot by Michael Grabner.
15:46 of 2nd period - Stopped by Ilya Samsonov with a rebound.
15:48 of 2nd period - Slapshot by Guillaume Latendresse.
15:48 of 2nd period - Stopped by Ilya Samsonov without a rebound.
15:49 of 2nd period - Derek Stepan wins face-off versus Evgeny Grachev in Penguins zone.
16:23 of 2nd period - Wrist shot by Tom Wilson.
16:23 of 2nd period - Shot Misses the Net.
16:25 of 2nd period - Slapshot by Neal Pionk.
16:25 of 2nd period - Stopped by Matt Murray without a rebound.
16:26 of 2nd period - Derek Stepan wins face-off versus Guillaume Latendresse in Stars zone.
16:37 of 2nd period - Snap shot by Derek Stepan.
16:37 of 2nd period - Shot Blocked by Michael Grabner.
17:58 of 2nd period - Slapshot by Boris Valabik.
17:58 of 2nd period - Deflect By Michael Grabner.
17:58 of 2nd period - Shot Misses the Net.
17:58 of 2nd period - Puck is out of play.
17:59 of 2nd period - John Tavares wins face-off versus Sebastian Aho in Penguins zone.
18:10 of 2nd period - Slapshot by Oscar Klefbom.
18:10 of 2nd period - Shot Blocked by Ben Chiarot.
18:12 of 2nd period - Snap shot by Pavel Buchnevich.
18:12 of 2nd period - Shot Misses the Net.
18:19 of 2nd period - Minor Penalty to Guillaume Latendresse for Interference.
18:20 of 2nd period - Sebastian Aho wins face-off versus John Tavares in Stars zone.
18:32 of 2nd period - Snap shot by Mark Scheifele.
18:32 of 2nd period - Goal by Mark Scheifele - Stars : 2 - Penguins : 2.
18:33 of 2nd period - Evgeny Grachev wins face-off versus Sebastian Aho in neutral zone.
18:35 of 2nd period - Off-side.
18:36 of 2nd period - Sebastian Aho wins face-off versus Andrew Ladd in neutral zone.
18:41 of 2nd period - Snap shot by Mark Scheifele.
18:41 of 2nd period - Stopped by Matt Murray with a rebound.
Goals for this period are 1 for Stars vs 1 for Penguins.
Shots for this period are 7 for Stars vs 13 for Penguins.
3rd period
0:01 of 3rd period - Sebastian Aho wins face-off versus John Tavares in neutral zone.
0:06 of 3rd period - Slapshot by Nick Leddy.
0:06 of 3rd period - Shot Hit the Post.
0:08 of 3rd period - Snap shot by Sebastian Aho.
0:08 of 3rd period - Stopped by Matt Murray with a rebound.
0:47 of 3rd period - Snap shot by Alex Chiasson.
0:47 of 3rd period - Stopped by Ilya Samsonov without a rebound.
0:48 of 3rd period - Max Reinhart wins face-off versus Evgeny Kuznetsov in Penguins zone.
1:03 of 3rd period - Wrist shot by Jamie Benn.
1:03 of 3rd period - Stopped by Matt Murray without a rebound.
1:04 of 3rd period - John Tavares wins face-off versus Sebastian Aho in Stars zone.
1:13 of 3rd period - John Tavares is hit by Mark Scheifele and loses puck.
1:39 of 3rd period - Off-side.
1:40 of 3rd period - Sebastian Aho wins face-off versus Evgeny Grachev in neutral zone.
1:47 of 3rd period - Snap shot by Mark Scheifele.
1:47 of 3rd period - Stopped by Matt Murray with a rebound.
1:49 of 3rd period - Snap shot by Mark Scheifele.
1:49 of 3rd period - Stopped by Matt Murray with a rebound.
2:30 of 3rd period - Snap shot by Max Reinhart.
2:30 of 3rd period - Stopped by Matt Murray without a rebound.
2:31 of 3rd period - Evgeny Kuznetsov wins face-off versus Max Reinhart in Stars zone.
2:44 of 3rd period - Snap shot by Jonathan Drouin.
2:44 of 3rd period - Deflect By Evgeny Kuznetsov.
2:44 of 3rd period - Stopped by Ilya Samsonov with a rebound.
3:22 of 3rd period - Wrist shot by Derek Stepan.
3:22 of 3rd period - Shot Misses the Net.
3:24 of 3rd period - Slapshot by Oscar Klefbom.
3:24 of 3rd period - Shot Blocked by Ben Chiarot.
3:26 of 3rd period - Snap shot by Pavel Zacha.
3:26 of 3rd period - Stopped by Matt Murray with a rebound.
3:32 of 3rd period - Snap shot by Marcus Foligno.
3:32 of 3rd period - Shot Misses the Net.
4:11 of 3rd period - Evgeny Kuznetsov is hit by Max Reinhart and loses puck.
4:24 of 3rd period - Wrist shot by Pavel Buchnevich.
4:24 of 3rd period - Stopped by Matt Murray without a rebound.
4:25 of 3rd period - Sebastian Aho wins face-off versus John Tavares in Stars zone.
4:37 of 3rd period - Minor Penalty to Boris Valabik for High sticking.
4:38 of 3rd period - Sebastian Aho wins face-off versus John Tavares in Stars zone.
5:30 of 3rd period - Andrew Ladd is hit by Mark Scheifele and loses puck.
6:37 of 3rd period - Penalty to Boris Valabik is over, Boris Valabik is back on ice.
7:54 of 3rd period - Marcus Foligno is hit by Alex Chiasson and loses puck.
8:37 of 3rd period - Off-side.
8:38 of 3rd period - Derek Stepan wins face-off versus John Tavares in neutral zone.
8:41 of 3rd period - Wrist shot by Keith Aulie.
8:41 of 3rd period - Stopped by Matt Murray without a rebound.
8:42 of 3rd period - John Tavares wins face-off versus Derek Stepan in Stars zone.
8:57 of 3rd period - Snap shot by John Tavares.
8:57 of 3rd period - Stopped by Ilya Samsonov with a rebound.
8:59 of 3rd period - Wrist shot by Guillaume Latendresse.
8:59 of 3rd period - Shot Blocked by Pavel Zacha.
9:01 of 3rd period - Snap shot by John Tavares.
9:01 of 3rd period - Stopped by Ilya Samsonov without a rebound.
9:02 of 3rd period - Sebastian Aho wins face-off versus Evgeny Grachev in Penguins zone.
9:28 of 3rd period - Pavel Zacha is hit by Boris Valabik and loses puck.
9:37 of 3rd period - Guillaume Latendresse is hit by Nick Leddy and loses puck.
9:54 of 3rd period - Tom Wilson is hit by Jonathan Drouin and loses puck.
10:13 of 3rd period - Slapshot by Tobias Rieder.
10:13 of 3rd period - Stopped by Ilya Samsonov without a rebound.
10:14 of 3rd period - Sebastian Aho wins face-off versus Scott Kosmachuck in Penguins zone.
10:22 of 3rd period - Icing by Andrej Sustr.
10:23 of 3rd period - Henrik Borgstrom wins face-off versus Sebastian Aho in Stars zone.
10:32 of 3rd period - Slapshot by Andrej Sustr.
10:32 of 3rd period - Shot Misses the Net.
11:04 of 3rd period - Andrej Sustr is hit by Mark Scheifele and loses puck.
11:41 of 3rd period - Slapshot by Mark Scheifele.
11:41 of 3rd period - Shot Misses the Net.
11:47 of 3rd period - Snap shot by Pavel Buchnevich.
11:47 of 3rd period - Shot Blocked by Tobias Rieder.
11:49 of 3rd period - Slapshot by Neal Pionk.
11:49 of 3rd period - Shot Blocked by Andrej Sustr.
12:05 of 3rd period - Snap shot by Sebastian Aho.
12:05 of 3rd period - Shot Blocked by Tobias Rieder.
12:07 of 3rd period - Snap shot by Neal Pionk.
12:07 of 3rd period - Deflect By Sebastian Aho.
12:07 of 3rd period - Stopped by Matt Murray with a rebound.
12:45 of 3rd period - Wrist shot by Pavel Buchnevich.
12:45 of 3rd period - Stopped by Matt Murray without a rebound.
12:46 of 3rd period - John Tavares wins face-off versus Derek Stepan in Stars zone.
13:52 of 3rd period - Wrist shot by Keith Aulie.
13:52 of 3rd period - Stopped by Matt Murray without a rebound.
13:53 of 3rd period - Derek Stepan wins face-off versus Guillaume Latendresse in Stars zone.
14:50 of 3rd period - Minor Penalty to Brian Lee for Hooking.
14:51 of 3rd period - Derek Stepan wins face-off versus John Tavares in Stars zone.
16:50 of 3rd period - Penalty to Brian Lee is over, Brian Lee is back on ice.
16:55 of 3rd period - Slapshot by Shea Weber.
16:55 of 3rd period - Deflect By Dmitrij Jaskin.
16:55 of 3rd period - Stopped by Matt Murray without a rebound.
16:56 of 3rd period - Max Reinhart wins face-off versus Evgeny Kuznetsov in Stars zone.
17:23 of 3rd period - Wrist shot by Evgeny Grachev.
17:23 of 3rd period - Stopped by Ilya Samsonov without a rebound.
17:24 of 3rd period - Evgeny Grachev wins face-off versus Derek Stepan in Penguins zone.
17:49 of 3rd period - Guillaume Latendresse is hit by Sebastian Aho and loses puck.
17:56 of 3rd period - Wrist shot by Mark Scheifele.
17:56 of 3rd period - Stopped by Matt Murray without a rebound.
17:57 of 3rd period - Jonathan Drouin wins face-off versus Max Reinhart in Stars zone.
18:08 of 3rd period - Snap shot by Tom Wilson.
18:08 of 3rd period - Shot Misses the Net.
18:10 of 3rd period - Slapshot by Neal Pionk.
18:10 of 3rd period - Stopped by Matt Murray with a rebound.
18:12 of 3rd period - Snap shot by Neal Pionk.
18:12 of 3rd period - Stopped by Matt Murray without a rebound.
18:13 of 3rd period - Sebastian Aho wins face-off versus John Tavares in Stars zone.
18:17 of 3rd period - Icing by Guillaume Latendresse.
18:18 of 3rd period - Sebastian Aho wins face-off versus John Tavares in Stars zone.
18:45 of 3rd period - Max Reinhart is hit by Boris Valabik and loses puck.
Goals for this period are 0 for Stars vs 0 for Penguins.
Shots for this period are 6 for Stars vs 15 for Penguins.
Overtime #1
0:01 of 1st overtime period - Derek Stepan wins face-off versus Michael Grabner in neutral zone.
0:14 of 1st overtime period - Snap shot by Marcus Foligno.
0:14 of 1st overtime period - Stopped by Matt Murray with a rebound.
0:35 of 1st overtime period - Slapshot by Keith Aulie.
0:35 of 1st overtime period - Deflect By Jamie Benn.
0:35 of 1st overtime period - Shot Misses the Net.
0:35 of 1st overtime period - Puck is out of play.
0:36 of 1st overtime period - Michael Grabner wins face-off versus Derek Stepan in Stars zone.
0:43 of 1st overtime period - Derek Stepan is hit by Michael Grabner and loses puck.
1:26 of 1st overtime period - Boris Valabik is hit by Mark Scheifele and loses puck.
2:00 of 1st overtime period - Off-side.
2:01 of 1st overtime period - Derek Stepan wins face-off versus Michael Grabner in neutral zone.
2:10 of 1st overtime period - Slapshot by Mark Scheifele.
2:10 of 1st overtime period - Shot Misses the Net.
3:11 of 1st overtime period - Oscar Klefbom is hit by Michael Grabner and loses puck.
4:11 of 1st overtime period - Tom Wilson is hit by Andrej Sustr and loses puck.
4:22 of 1st overtime period - Paul Ladue is hit by Derek Stepan.
Goals for this period are 0 for Stars vs 0 for Penguins.
Shots for this period are 0 for Stars vs 1 for Penguins.
ShootOut
5:00 of 1st overtime period - Round #1.
5:00 of 1st overtime period - Stars, John Tavares.
5:00 of 1st overtime period - Deke by John Tavares.
5:00 of 1st overtime period - Stopped by Ilya Samsonov.
5:00 of 1st overtime period - Penguins, Mark Scheifele.
5:00 of 1st overtime period - Deke by Mark Scheifele.
5:00 of 1st overtime period - Stopped by Matt Murray.
5:00 of 1st overtime period - Round #2.
5:00 of 1st overtime period - Stars, Michael Grabner.
5:00 of 1st overtime period - Deke by Michael Grabner.
5:00 of 1st overtime period - Goal by Michael Grabner.
5:00 of 1st overtime period - Penguins, Sebastian Aho.
5:00 of 1st overtime period - Deke by Sebastian Aho.
5:00 of 1st overtime period - Goal by Sebastian Aho.
5:00 of 1st overtime period - Round #3.
5:00 of 1st overtime period - Stars, Guillaume Latendresse.
5:00 of 1st overtime period - Deke by Guillaume Latendresse.
5:00 of 1st overtime period - Stopped by Ilya Samsonov.
5:00 of 1st overtime period - Penguins, Pavel Zacha.
5:00 of 1st overtime period - Wrist shot by Pavel Zacha.
5:00 of 1st overtime period - Goal by Pavel Zacha.